 Dungeon Crawl Stone Soup version 0.28.0 (webtiles) character file.

Game seed: 18122789816590348467

19 Mitsuki the Firebug (level 2, -2/15 HPs)
             Began as a Deep Elf Fire Elementalist on Feb 8, 2022.
             Slain by Terence (9 damage)
             ... on level 2 of the Dungeon.
             The game lasted 00:02:05 (1399 turns).

Mitsuki the Firebug (Deep Elf Fire Elementalist)    Turns: 1399, Time: 00:02:06

Health: -2/15      AC:  2    Str:  5    XL:     2   Next: 55%
Magic:  1/8        EV: 12    Int: 19    God:
Gold:   59         SH:  0    Dex: 15    Spells: 4/7 levels left

rFire   . . .      SeeInvis .   d - +0 short sword
rCold   . . .      Faith    .   (no shield)
rNeg    . . .      Spirit   .   a - +0 robe
rPois   .          Reflect  .   (no helmet)
rElec   .          Harm     .   (no cloak)
rCorr   .          Rampage  .   (no gloves)
Will    .....                   (no boots)
Stlth   ++........              (no amulet)
HPRegen 0.05/turn               (no ring)
MPRegen 0.11/turn               (no ring)

@: very slightly contaminated
A: no striking features
a: no special abilities


You were on level 2 of the Dungeon.
You visited 1 branch of the dungeon, and saw 2 of its levels.

You collected 59 gold pieces.

Inventory:

Hand Weapons
 d - a +0 short sword (weapon)
Armour
 a - a +0 robe (worn)
Magical Staves
 e - a staff of conjuration
Scrolls
 b - a scroll of fear {unknown}
 c - a scroll of teleportation {unknown}
 f - a scroll of identify {unknown}
Potions
 g - a potion of resistance {unknown}


   Skills:
 - Level 2.4 Dodging
 - Level 2.4 Stealth
 + Level 3.4 Spellcasting
 + Level 1.6 Conjurations
 + Level 0.2 Translocations
 * Level 3.8 Fire Magic


You had 4 spell levels left.
You knew the following spells:

 Your Spells              Type           Power      Damage    Failure   Level
a - Foxfire               Conj/Fire      52%        2x1d6     4%          1
b - Blink                 Tloc           8%         N/A       21%         2

Your spell library contained the following spells:

 Spells                   Type           Power      Damage    Failure   Level
 Scorch                   Fire           34%        2d7       4%          2
 Conjure Flame            Conj/Fire      13%        6-21      14%         3
 Inner Flame              Hex/Fire       10%        N/A       21%         3
 Flame Wave               Conj/Fire      13%        2d6       43%         4
 Manifold Assault         Tloc           4%         N/A       98%         5
 Storm Form               Tmut/Air       1%         N/A       100%        7


Dungeon Overview and Level Annotations

Branches:
Dungeon (2/15)

Altars:

Shops:
D:1 ?

Annotations:
D:2 Terence


Message History

You conjure some foxfire!
Terence barely misses you.
Terence hits your foxfire with a +0 hand axe. x2
You now have 5/8 mp.
You conjure some foxfire!
The foxfire hits Terence but does no damage.
Terence is lightly wounded.
The foxfire hits Terence but does no damage.
Terence is lightly wounded.
Terence says, "How do you enjoy it?" Terence closely misses you.
Terence hits your foxfire with a +0 hand axe.
You now have 4/8 mp.
You conjure some foxfire!
The foxfire hits Terence.
Terence is lightly wounded.
The foxfire hits Terence.
Terence is moderately wounded.
Terence hits you with a +0 hand axe.
Terence hits your foxfire with a +0 hand axe. x2
You take 1 damage, and have 14/15 hp.
You now have 3/8 mp.
You conjure some foxfire!
The foxfire hits Terence.
Terence is moderately wounded.
The foxfire hits Terence.
Terence is heavily wounded.
Terence hits you with a +0 hand axe!
Terence hits your foxfire with a +0 hand axe.
You take 7 damage, and have 7/15 hp.
MASSIVE DAMAGE!!
You now have 2/8 mp.
You are too injured to fight recklessly!
You are too injured to fight recklessly!
You are too injured to fight recklessly!
Casting: Foxfire (safe; 4% risk of failure)
Confirm with . or Enter, or press ? or * to list all spells.
You conjure some foxfire!
* * * LOW MAGIC WARNING * * *
The foxfire hits Terence.
Terence is heavily wounded.
The foxfire hits Terence.
Terence is severely wounded.
Terence hits you with a +0 hand axe!
Ouch! That really hurt!
You die...

#.# #### #.#
##...##.##
#........##
#?........ #
......... #.#
#.....v@##..#
#.....v@....#
#######ยง#####
#.# #.# #.#
#.# #.# #.#
#.#####


You could see Terence (ally target).

Vanquished Creatures
  3 ball pythons (D:1)
  2 endoplasms (D:1)
  A giant cockroach (D:1)
  A goblin (D:1)
  A hobgoblin (D:1)
  3 kobolds (D:1)
  A quokka (D:1)
  5 frilled lizards
  2 rats (D:1)
19 creatures vanquished.

Vanquished Creatures (others)
  98 foxfires
98 creatures vanquished.

Grand Total: 117 creatures vanquished

Notes
Turn   | Place    | Note
-------+----------+-------------------------------------------
     0 | D:1      | Mitsuki the Deep Elf Fire Elementalist began the quest for
                  | the Orb.
     0 | D:1      | Reached XP level 1. HP: 10/10 MP: 6/6
   524 | D:1      | Reached XP level 2. HP: 15/15 MP: 2/8
   654 | D:1      | Learned a level 2 spell: Blink
   989 | D:1      | Found Viamnum's Magic Scroll Shoppe.
  1389 | D:2      | Noticed Terence
  1399 | D:2      | Slain by Terence

Illustrated notes

Levels and vault maps discovered:
D:1:      erik_arrival_cave_to_civilisation [erik_arrival_cave_to_hall],
          layout_basic, serial_forest, infiniplex_forest_clump_small,
          infiniplex_forest_straight_1, infiniplex_forest_corner_2,
          infiniplex_forest_lined_2, infiniplex_forest_split,
          infiniplex_forest_clump_C, infiniplex_forest_pool, serial_shops,
          nicolae_shop_waterfront
D:2:      layout_loops_corners, uniq_terence, uniq_crazy_yiuf_cottage

Action                   || total
-------------------------++-------
 Cast: Foxfire           ||    59
Dodge: Dodged            ||     4
